 Dungeon Crawl Stone Soup version 0.28-a0-1567-g1695149f81 (webtiles) character file.

Game seed: 6751005872706349563

36 a3don the Chiller (level 3, 0/39 HPs)
             Began as a Demonspawn Ice Elementalist on Jan 20, 2022.
             Slain by a goblin (2 damage)
             ... led by Robin
             ... on level 2 of the Dungeon.
             The game lasted 00:02:19 (971 turns).

a3don the Chiller (Demonspawn Ice Elementalist)      Turns: 971, Time: 00:02:19

Health: 0/39       AC:  2    Str:  8    XL:     3   Next: 19%
Magic:  1/6        EV: 12    Int: 18    God:
Gold:   28         SH:  0    Dex: 13    Spells: 2/6 levels left

rFire   . . .      SeeInvis .   g - +0 short sword
rCold   . . .      Faith    .   (no shield)
rNeg    . . .      Spirit   .   a - +0 robe
rPois   .          Reflect  .   (no helmet)
rElec   .          Harm     .   (no cloak)
rCorr   .          Rampage  .   (no gloves)
Will    .....                   (no boots)
Stlth   ..........              (no amulet)
HPRegen 0.13/turn               (no ring)
MPRegen 0.10/turn               (no ring)

@: berserking, freezing walls, flying, very quick
A: powered by pain 1
a: no special abilities


You were on level 2 of the Dungeon.
You visited 1 branch of the dungeon, and saw 2 of its levels.

You collected 28 gold pieces.

Inventory:

Hand Weapons
 g - a +0 short sword (weapon)
Missiles
 e - 17 stones
 f - 22 sling bullets
Armour
 a - a +0 robe (worn)
Scrolls
 b - a scroll of identify {unknown}


   Skills:
 + Level 1.2 Fighting
 + Level 2.2 Dodging
 - Level 1.7 Stealth
 + Level 2.4 Spellcasting
 + Level 3.8 Ice Magic


You had 2 spell levels left.
You knew the following spells:

 Your Spells              Type           Power      Damage    Failure   Level
a - Freeze                Ice            64%        1d8       3%          1
b - Frozen Ramparts       Ice            32%        1d5       11%         3

Your spell library contained the following spells:

 Spells                   Type           Power      Damage    Failure   Level
 Ozocubu's Armour         Ice            16%        N/A       11%         3
 Hailstorm                Conj/Ice       9%         3d4       61%         4


Dungeon Overview and Level Annotations

Branches:
Dungeon (2/15)

Altars:

Annotations:
D:2 Robin


Innate Abilities, Weirdness & Mutations

You sometimes gain a little power by taking damage.


Message History

Confirm with . or Enter, or press ? or * to list all spells.
Aiming: Freeze (safe; 3% risk of failure)
Press: ? - help, Shift-Dir - straight line, f - hobgoblin
Aim: a hobgoblin You freeze the hobgoblin.
The hobgoblin is heavily wounded.
Robin throws the goblin at you! The goblin barely misses you.
The wall freezes the hobgoblin.
You kill the hobgoblin!
The wall freezes the goblin.
The hobgoblin hits you.
Casting: Freeze (safe; 3% risk of failure)
Confirm with . or Enter, or press ? or * to list all spells.
Aiming: Freeze (safe; 3% risk of failure)
Press: ? - help, Shift-Dir - straight line, f/p - hobgoblin
Aim: a hobgoblin (heavily wounded)
You freeze the hobgoblin.
The hobgoblin is severely wounded.
Robin throws the goblin at you! The goblin hits you with a +0 dagger.
The wall freezes the goblin.
The goblin hits you with a club. The hobgoblin hits you.
* * * LOW HITPOINT WARNING * * *
The wall freezes the goblin.
The wall freezes the rat.
You kill the rat!
It was a potion of flight.
You feel very buoyant.
You fly up into the air.
The goblin hits you with a +0 dagger.
* * * LOW HITPOINT WARNING * * *
Robin roars a battlecry!
The goblins go into a battle-frenzy!
The wall freezes the goblin.
The goblin completely misses you.
The wall freezes the goblin.
You kill the goblin!
The hobgoblin hits you.
* * * LOW HITPOINT WARNING * * *
The wall freezes the goblin.
It was a potion of berserk rage.
A red film seems to cover your vision as you go berserk!
You feel yourself moving faster!
You feel mighty! The goblin hits you with a +0 dagger.
You die...

#### #... .
#... .^##...
.......
...?...##
..##....#######
......g@.......
####..gg)......
#..gg##.##..
#....# # ####.K
##g . .g


You could see Robin, 2 hobgoblins, 4 goblins and a kobold.

Vanquished Creatures
  A gnoll (D:1)
  An adder (D:1)
  A dart slug (D:1)
  2 goblins
  2 hobgoblins
  5 ball pythons
  2 bats (D:1)
  A kobold (D:1)
  2 rats
17 creatures vanquished.

Notes
Turn   | Place    | Note
-------+----------+-------------------------------------------
     0 | D:1      | a3don the Demonspawn Ice Elementalist began the quest for
                  | the Orb.
     0 | D:1      | Reached XP level 1. HP: 13/13 MP: 3/3
   254 | D:1      | Gained mutation: You sometimes gain a little power by
                  | taking damage. [demonic ancestry]
   254 | D:1      | Reached XP level 2. HP: 20/20 MP: 3/5
   438 | D:1      | Reached skill level 1 in Fighting
   739 | D:1      | Reached XP level 3. HP: 19/26 MP: 3/6
   743 | D:1      | Learned a level 3 spell: Frozen Ramparts
   965 | D:2      | Noticed Robin
   970 | D:2      | HP: 1/26 [hobgoblin[Robin] (2)]
   971 | D:2      | Slain by a goblin

Illustrated notes

Levels and vault maps discovered:
D:1:      enne_arrival_octagon_isle, layout_rooms
D:2:      layout_rooms, hellmonk_ecumenical_altar_lost_god, minmay_pentomino_x2,
          uniq_terence, uniq_robin

Skill      XL: |  1  2 |
---------------+-------+-----
Dodging        | 2 |  2.2
Fighting       | 1 |  1.2
Stealth        | |  1.7
Spellcasting   | |  2.4
Ice Magic      | |  3.8

Action                   || total
-------------------------++-------
Melee: Unarmed           ||    10
       Short sword       ||     1
 Cast: Freeze            ||    24
       Frozen Ramparts   ||     1
  Use: Potion            ||     2
Armor: Robe              ||     5
Dodge: Dodged            ||    21

Table legend: (Time is in decaauts)
 A = Elapsed time spent in this place.
 B = Non-inter-level travel time spent in this place.
 C = Inter-level travel time spent in this place.
 D = Time resting spent in this place.
 E = Time spent auto-exploring this place.
 F = Levels seen in this place.
 G = Mean time per level.
                   A        B        C        D        E       F      G
               +--------+--------+--------+--------+--------+-----+--------+
         Total |    971 |    956 |     15 |    378 |    452 |   2 |  485.5 |
       Dungeon |    971 |    956 |     15 |    378 |    452 |   2 |  485.5 |
               +--------+--------+--------+--------+--------+-----+--------+

Top non-repeatable levels by time:
     D:1: 962 daAuts
     D:2: 9 daAuts
